Hartford Whalers vs New York Rangers
Created - Tuesday, August 29, 2023 at 08:01
Goals
|
| Hartford Whalers |
0 |
3 |
0 |
3 |
| New York Rangers |
0 |
1 |
0 |
1 |
|
Shots
|
| Hartford Whalers |
7 |
19 |
17 |
43 |
| New York Rangers |
15 |
6 |
7 |
28 |
|
1st period
No Goal
Penalties :
No Penalty
2nd period
1. Hartford Whalers , Alexis Lafreniere 3 (Thomas Chabot 6, Marcus Foligno 3) at 2:04
2. New York Rangers , Mark Giordano 2 (Tyler Motte 2, Conor Garland 5) at 5:46
3. Hartford Whalers , Alexis Lafreniere 4 (Jaccob Slavin 1, Thomas Chabot 7) at 7:46
4. Hartford Whalers , Thomas Chabot 2 (Casey Cizikas 5) at 10:38
Penalties :
Marcus Foligno (HFD) for Hooking (Minor) at 11:21, Marcus Foligno (HFD) for High sticking (Minor) at 19:00, Alexander Wennberg (HFD) for Hooking (Minor) at 19:17
3rd period
No Goal
Penalties :
Adam Larsson (NYR) for Tripping (Minor) at 14:43
Goalie Stats
Anton Forsberg (HFD), 27 saves from 28 shots - (0.964), W, 1-0-0, 60:00 minutes
Tristan Jarry (NYR), 40 saves from 43 shots - (0.930), L, 1-1-0, 60:00 minutes
Players Stats for Hartford Whalers
Player Name G A P +/- PIM S H SB GA TA FO MP PP MP PK MP
------------------------------------------------------------------------------------
Alec Martinez 0 0 0 -1 0 1 1 4 0 1 0/0 21:42 0:59 2:18
Alexander Wennberg 0 0 0 0 2 1 1 0 1 1 12/21 17:19 1:07 1:03
Alexis Lafreniere 2 0 2 3 0 5 0 0 1 0 0/1 15:40 0:52 0:00
Anthony Mantha 0 0 0 0 0 4 0 0 0 1 4/4 14:31 0:00 1:10
Casey Cizikas 0 1 1 3 0 2 1 1 1 0 9/17 16:41 0:52 1:12
Connor Clifton 0 0 0 0 0 3 1 0 1 0 0/0 17:02 0:00 0:00
Haydn Fleury 0 0 0 -1 0 1 0 0 0 0 1/1 10:58 0:00 0:00
Jaccob Slavin 0 1 1 3 0 2 0 1 0 0 0/0 21:16 1:00 1:57
John Hayden 0 0 0 0 0 4 1 0 0 0 0/0 12:27 0:00 0:00
Josh Anderson 0 0 0 0 0 1 1 0 1 2 0/0 17:04 1:07 1:12
Joshua Norris 0 0 0 0 0 1 0 1 0 0 4/7 12:44 0:00 0:00
Lukas Reichel 0 0 0 -1 0 2 2 0 0 0 1/3 10:58 0:00 0:00
Marcus Foligno 0 1 1 3 4 3 1 0 1 1 0/0 15:42 0:52 0:01
Mark Kastelic 0 0 0 -1 0 0 2 0 0 1 0/0 11:33 0:00 0:00
Taylor Hall 0 0 0 0 0 4 2 0 0 0 1/2 18:23 1:07 2:09
Thomas Chabot 1 2 3 3 0 5 3 3 1 2 0/0 21:16 1:00 1:57
Torey Krug 0 0 0 0 0 1 0 1 0 0 0/0 17:02 0:00 0:00
Trevor van Riemsdyk 0 0 0 -1 0 3 2 4 0 0 0/0 21:42 0:59 2:18
Players Stats for New York Rangers
Player Name G A P +/- PIM S H SB GA TA FO MP PP MP PK MP
------------------------------------------------------------------------------------
Adam Larsson 0 0 0 -1 2 0 0 2 0 0 0/0 22:00 2:14 0:00
Andre Burakovsky 0 0 0 0 0 1 2 0 0 0 1/3 18:48 2:15 0:00
Artemi Panarin 0 0 0 0 0 6 0 0 0 1 0/0 18:30 2:00 0:00
Cam Fowler 0 0 0 -1 0 1 0 0 0 0 0/0 18:53 0:00 0:08
Cole Caufield 0 0 0 0 0 3 0 2 0 0 0/0 15:07 2:15 0:00
Conor Garland 0 1 1 1 0 4 0 0 2 0 0/0 12:43 2:01 0:59
David Kampf 0 0 0 1 0 1 0 0 1 0 4/5 10:36 0:00 1:00
Dmitry Kulikov 0 0 0 1 0 0 0 1 0 0 0/0 17:48 0:00 1:15
Filip Chytil 0 0 0 0 0 0 1 1 0 1 4/5 12:25 0:00 0:00
Gabriel Landeskog 0 0 0 -3 0 0 0 0 0 1 1/4 17:18 2:15 0:00
Jake McCabe 0 0 0 -2 0 1 1 1 0 1 0/0 18:02 0:00 0:36
Mark Giordano 1 0 1 1 0 1 0 0 0 1 0/0 19:38 2:01 0:57
Mathew Barzal 0 0 0 -3 0 1 0 1 1 0 0/0 18:04 2:14 0:00
Matthew Benning 0 0 0 -2 0 0 3 1 0 1 0/0 18:28 0:00 1:02
Mikael Granlund 0 0 0 0 0 2 4 0 1 0 0/1 12:40 0:00 0:00
Nathan MacKinnon 0 0 0 0 0 2 2 0 1 0 8/26 18:28 2:00 0:00
Pierre-Luc Dubois 0 0 0 -3 0 5 2 0 3 0 6/12 17:41 2:00 0:59
Tyler Motte 0 1 1 1 0 0 0 0 0 1 0/0 10:51 0:00 1:00
3 Stars
1 - Thomas Chabot (HFD)
2 - Alexis Lafreniere (HFD)
3 - Anton Forsberg (HFD)
Power Play
Hartford Whalers - 0 on 1 Attempt(s) - 0.00%
New York Rangers - 0 on 3 Attempt(s) - 0.00%
Penalty Kill
Hartford Whalers - 3 on 3 Attempt(s) - 100.00%
- Score 0 goal in Penalty Kill
New York Rangers - 1 on 1 Attempt(s) - 100.00%
- Score 0 goal in Penalty Kill
Team Stat
Hartford Whalers - Hits : 18 - Faceoff Wins : 32 - Blocked Shots : 15 - Penalty Minutes : 6
New York Rangers - Hits : 15 - Faceoff Wins : 24 - Blocked Shots : 9 - Penalty Minutes : 2
Official
Referees : Garrett Rank and Jean Hebert
Linesman : Shane Heyer and Steve Miller
Game Notes
No Game Note
Finance
Level 1 -- Attendance: 4633 (77.22%) -- Ticket Income $472,566
Level 2 -- Attendance: 3855 (77.10%) -- Ticket Income $242,865
Level 3 -- Attendance: 1950 (65.00%) -- Ticket Income $79,950
Level 4 -- Attendance: 3250 (65.00%) -- Ticket Income $91,000
Luxury Box -- Attendance: 1000 (100.00%) -- Ticket Income $195,000
Game was played at the Madison Square Garden.
Total Attendance: 14688 (73.44%)
Total Ticket Income: $1,081,381
Other Income: $378,483
Total Income: $1,459,864
Hartford Whalers
5 vs 5 Forward
Center Left Wing Right Wing Time % Phy DF OF
1 Alexander Wennberg Taylor Hall Josh Anderson 30 1 2 2
2 Casey Cizikas Marcus Foligno Alexis Lafreniere 30 1 2 2
3 Joshua Norris Anthony Mantha John Hayden 25 1 2 2
4 Lukas Reichel Mark Kastelic Haydn Fleury 15 1 2 2
5 vs 5 Defense
Defense Defense Time % Phy DF OF
1 Jaccob Slavin Thomas Chabot 35 1 2 2
2 Trevor van Riemsdyk Alec Martinez 35 1 2 2
3 Torey Krug Connor Clifton 30 1 2 2
4 Jaccob Slavin Thomas Chabot 0 1 2 2
PowerPlay Forward
Center Left Wing Right Wing Time % Phy DF OF
1 Alexander Wennberg Taylor Hall Josh Anderson 50 1 2 2
2 Casey Cizikas Marcus Foligno Alexis Lafreniere 50 1 2 2
PowerPlay Defense
Defense Defense Time % Phy DF OF
1 Jaccob Slavin Thomas Chabot 50 1 2 2
2 Trevor van Riemsdyk Alec Martinez 50 1 2 2
Penalty Kill 4 Players Forward
Center Wing Time % Phy DF OF
1 Alexander Wennberg Taylor Hall 50 1 2 2
2 Josh Anderson Casey Cizikas 50 1 2 2
Penalty Kill 4 Players Defense
Defense Defense Time % Phy DF OF
1 Jaccob Slavin Thomas Chabot 50 1 2 2
2 Trevor van Riemsdyk Alec Martinez 50 1 2 2
Penalty Kill - 3 Players Forward
Forward Time % Phy DF OF
1 Alexander Wennberg 50 1 2 2
2 Taylor Hall 50 1 2 2
Penalty Kill - 3 Players Defense
Defense Defense Time % Phy DF OF
1 Jaccob Slavin Thomas Chabot 50 1 2 2
2 Trevor van Riemsdyk Alec Martinez 50 1 2 2
4 vs 4 Forward
Center Wing Time % Phy DF OF
1 Alexander Wennberg Taylor Hall 50 1 2 2
2 Josh Anderson Casey Cizikas 50 1 2 2
4 vs 4 Defense
Defense Defense Time % Phy DF OF
1 Jaccob Slavin Thomas Chabot 50 1 2 2
2 Trevor van Riemsdyk Alec Martinez 50 1 2 2
Last Minutes Offensive
Center Left Wing Right Wing Defense Defense
Alexander Wennberg Taylor Hall Josh Anderson Jaccob Slavin Thomas Chabot
Last Minutes Defensive
Center Left Wing Right Wing Defense Defense
Alexander Wennberg Taylor Hall Josh Anderson Jaccob Slavin Thomas Chabot
Goaltenders
Starting : Anton Forsberg
Backup : Logan Thompson
Extra Forwards
Normal : Mark Kastelic, Joshua Norris, Anthony Mantha - PP : Mark Kastelic, Joshua Norris - PK : Anthony Mantha
Extra Defensemen
Normal : Torey Krug, Connor Clifton, Haydn Fleury - PP : Torey Krug - PK : Connor Clifton, Haydn Fleury
Penalty Shots
Alexander Wennberg, Taylor Hall, Josh Anderson, Casey Cizikas, Marcus Foligno
New York Rangers
5 vs 5 Forward
Center Left Wing Right Wing Time % Phy DF OF
1 Nathan MacKinnon Artemi Panarin Andre Burakovsky 33 0 1 4
2 Pierre-Luc Dubois Gabriel Landeskog Mathew Barzal 30 1 1 3
3 Filip Chytil Cole Caufield Mikael Granlund 25 1 2 2
4 David Kampf Conor Garland Tyler Motte 12 1 3 1
5 vs 5 Defense
Defense Defense Time % Phy DF OF
1 Cam Fowler Adam Larsson 35 1 2 2
2 Dmitry Kulikov Mark Giordano 33 1 2 2
3 Matthew Benning Jake McCabe 32 1 2 2
4 Cam Fowler Adam Larsson 0 1 2 2
PowerPlay Forward
Center Left Wing Right Wing Time % Phy DF OF
1 Nathan MacKinnon Artemi Panarin Pierre-Luc Dubois 50 0 1 4
2 Gabriel Landeskog Andre Burakovsky Cole Caufield 50 0 1 4
PowerPlay Defense
Defense Defense Time % Phy DF OF
1 Mathew Barzal Adam Larsson 50 1 1 3
2 Conor Garland Mark Giordano 50 1 1 3
Penalty Kill 4 Players Forward
Center Wing Time % Phy DF OF
1 David Kampf Tyler Motte 50 1 3 1
2 Pierre-Luc Dubois Conor Garland 50 1 3 1
Penalty Kill 4 Players Defense
Defense Defense Time % Phy DF OF
1 Matthew Benning Dmitry Kulikov 50 1 3 1
2 Adam Larsson Mark Giordano 50 1 3 1
Penalty Kill - 3 Players Forward
Forward Time % Phy DF OF
1 Nathan MacKinnon 50 1 2 2
2 Artemi Panarin 50 1 2 2
Penalty Kill - 3 Players Defense
Defense Defense Time % Phy DF OF
1 Matthew Benning Dmitry Kulikov 50 1 3 1
2 Adam Larsson Mark Giordano 50 1 3 1
4 vs 4 Forward
Center Wing Time % Phy DF OF
1 Nathan MacKinnon Artemi Panarin 50 0 2 3
2 Pierre-Luc Dubois Mathew Barzal 50 0 2 3
4 vs 4 Defense
Defense Defense Time % Phy DF OF
1 Cam Fowler Adam Larsson 50 1 2 2
2 Dmitry Kulikov Mark Giordano 50 1 2 2
Last Minutes Offensive
Center Left Wing Right Wing Defense Defense
Nathan MacKinnon Artemi Panarin Pierre-Luc Dubois Cam Fowler Adam Larsson
Last Minutes Defensive
Center Left Wing Right Wing Defense Defense
David Kampf Tyler Motte Mikael Granlund Dmitry Kulikov Adam Larsson
Goaltenders
Starting : Tristan Jarry
Backup : Igor Shesterkin
Extra Forwards
Normal : Nathan MacKinnon, Pierre-Luc Dubois, Gabriel Landeskog - PP : Gabriel Landeskog, Cole Caufield - PK : David Kampf
Extra Defensemen
Normal : Matthew Benning, Jake McCabe, Dmitry Kulikov - PP : Matthew Benning - PK : Jake McCabe, Dmitry Kulikov
Penalty Shots
Artemi Panarin, Cole Caufield, Pierre-Luc Dubois, Mark Giordano, David Kampf
% Time on Ice - Hartford Whalers
Lines # - Real PCT - Wanted PCT - Time Play
Normal Forward
1 - 29% - 30% - 15:43
2 - 27% - 30% - 14:45
3 - 23% - 25% - 12:20
4 - 20% - 15% - 10:58
Normal Defense
1 - 34% - 35% - 18:19
2 - 34% - 35% - 18:25
3 - 32% - 30% - 17:02
4 - 0% - 0% - 0:00
PP Forward
1 - 56% - 50% - 1:07
2 - 44% - 50% - 0:52
PP Defense
1 - 50% - 50% - 1:00
2 - 50% - 50% - 0:59
PK Forward
1 - 53% - 50% - 1:21
2 - 47% - 50% - 1:12
PK Defense
1 - 45% - 50% - 1:09
2 - 55% - 50% - 1:24
PK3 Forward
1 - 52% - 50% - 0:53
2 - 48% - 50% - 0:49
PK3 Defense
1 - 47% - 50% - 0:48
2 - 53% - 50% - 0:54
44 Forward
1 - 0% - 50%
2 - 0% - 50%
44 Defense
1 - 0% - 50%
2 - 0% - 50%
Last Minute Offensive - 0:00
Last Minute Defensive - 0:00
Total
Forward - 60:00
Defense - 60:00
|
% Time on Ice - New York Rangers
Lines # - Real PCT - Wanted PCT - Time Play
Normal Forward
1 - 32% - 33% - 16:58
2 - 27% - 30% - 14:47
3 - 23% - 25% - 12:25
4 - 18% - 12% - 9:36
Normal Defense
1 - 35% - 35% - 18:35
2 - 31% - 33% - 16:40
3 - 32% - 32% - 17:26
4 - 2% - 0% - 1:05
PP Forward
1 - 47% - 50% - 2:00
2 - 53% - 50% - 2:15
PP Defense
1 - 53% - 50% - 2:14
2 - 47% - 50% - 2:01
PK Forward
1 - 50% - 50% - 1:00
2 - 50% - 50% - 0:59
PK Defense
1 - 52% - 50% - 1:02
2 - 48% - 50% - 0:57
PK3 Forward
1 - 0% - 50%
2 - 0% - 50%
PK3 Defense
1 - 0% - 50%
2 - 0% - 50%
44 Forward
1 - 0% - 50%
2 - 0% - 50%
44 Defense
1 - 0% - 50%
2 - 0% - 50%
Last Minute Offensive - 0:00
Last Minute Defensive - 0:00
Total
Forward - 60:00
Defense - 60:00
|
Play-by-Play
1st period
0:01 of 1st period - Alexander Wennberg wins face-off versus Nathan MacKinnon in neutral zone.
0:04 of 1st period - Slapshot by Taylor Hall.
0:04 of 1st period - Stopped by Tristan Jarry with a rebound.
0:10 of 1st period - Snap shot by Artemi Panarin.
0:10 of 1st period - Deflect By Andre Burakovsky.
0:10 of 1st period - Shot Blocked by Thomas Chabot.
0:10 of 1st period - Puck is out of play.
0:11 of 1st period - Pierre-Luc Dubois wins face-off versus Casey Cizikas in Hartford Whalers zone.
0:12 of 1st period - Slapshot by Mathew Barzal.
0:12 of 1st period - Shot Misses the Net.
0:20 of 1st period - Snap shot by Pierre-Luc Dubois.
0:20 of 1st period - Stopped by Anton Forsberg without a rebound.
0:21 of 1st period - Pierre-Luc Dubois wins face-off versus Casey Cizikas in Hartford Whalers zone.
1:09 of 1st period - Backhand shot by Pierre-Luc Dubois.
1:09 of 1st period - Stopped by Anton Forsberg without a rebound.
1:10 of 1st period - Joshua Norris wins face-off versus Filip Chytil in Hartford Whalers zone.
1:37 of 1st period - Alexander Wennberg is hit by Nathan MacKinnon and loses puck.
2:04 of 1st period - Wrist shot by David Kampf.
2:04 of 1st period - Shot Misses the Net.
2:07 of 1st period - Icing by Jaccob Slavin.
2:08 of 1st period - Nathan MacKinnon wins face-off versus Lukas Reichel in Hartford Whalers zone.
2:11 of 1st period - Snap shot by Artemi Panarin.
2:11 of 1st period - Stopped by Anton Forsberg with a rebound.
2:27 of 1st period - Wrist shot by Lukas Reichel.
2:27 of 1st period - Stopped by Tristan Jarry with a rebound.
2:29 of 1st period - Snap shot by Haydn Fleury.
2:29 of 1st period - Stopped by Tristan Jarry without a rebound.
2:30 of 1st period - Filip Chytil wins face-off versus Joshua Norris in New York Rangers zone.
2:57 of 1st period - Icing by Connor Clifton.
2:58 of 1st period - David Kampf wins face-off versus Alexander Wennberg in Hartford Whalers zone.
3:10 of 1st period - Icing by Conor Garland.
3:11 of 1st period - Anthony Mantha wins face-off versus David Kampf in New York Rangers zone.
3:36 of 1st period - Slapshot by Cam Fowler.
3:36 of 1st period - Deflect By Thomas Chabot.
3:36 of 1st period - Stopped by Anton Forsberg without a rebound.
3:37 of 1st period - Nathan MacKinnon wins face-off versus Alexander Wennberg in Hartford Whalers zone.
3:44 of 1st period - Snap shot by Artemi Panarin.
3:44 of 1st period - Stopped by Anton Forsberg with a rebound.
4:26 of 1st period - Wrist shot by Anthony Mantha.
4:26 of 1st period - Stopped by Tristan Jarry with a rebound.
4:28 of 1st period - Wrist shot by John Hayden.
4:28 of 1st period - Stopped by Tristan Jarry with a rebound.
4:30 of 1st period - Slapshot by Connor Clifton.
4:30 of 1st period - Stopped by Tristan Jarry without a rebound.
4:31 of 1st period - Joshua Norris wins face-off versus Nathan MacKinnon in New York Rangers zone.
4:46 of 1st period - Wrist shot by Artemi Panarin.
4:46 of 1st period - Stopped by Anton Forsberg with a rebound.
4:48 of 1st period - Slapshot by Adam Larsson.
4:48 of 1st period - Shot Blocked by Trevor van Riemsdyk.
4:58 of 1st period - Cam Fowler is hit by Lukas Reichel.
6:05 of 1st period - Off-side.
6:06 of 1st period - Pierre-Luc Dubois wins face-off versus Casey Cizikas in neutral zone.
7:26 of 1st period - Wrist shot by David Kampf.
7:26 of 1st period - Deflect By Thomas Chabot.
7:26 of 1st period - Stopped by Anton Forsberg with a rebound.
7:36 of 1st period - Jaccob Slavin is hit by Jake McCabe and loses puck.
8:09 of 1st period - Snap shot by Nathan MacKinnon.
8:09 of 1st period - Deflect By Artemi Panarin.
8:09 of 1st period - Shot Blocked by Alec Martinez.
8:09 of 1st period - Puck is out of play.
8:10 of 1st period - Filip Chytil wins face-off versus Lukas Reichel in Hartford Whalers zone.
8:22 of 1st period - Off-side.
8:23 of 1st period - Casey Cizikas wins face-off versus Pierre-Luc Dubois in neutral zone.
8:38 of 1st period - Alec Martinez is hit by Pierre-Luc Dubois and loses puck.
9:07 of 1st period - Icing by Alec Martinez.
9:08 of 1st period - Filip Chytil wins face-off versus Joshua Norris in Hartford Whalers zone.
9:17 of 1st period - Trevor van Riemsdyk is hit by Mikael Granlund and loses puck.
10:02 of 1st period - Wrist shot by Filip Chytil.
10:02 of 1st period - Shot Blocked by Trevor van Riemsdyk.
10:14 of 1st period - Wrist shot by Mikael Granlund.
10:14 of 1st period - Stopped by Anton Forsberg with a rebound.
10:33 of 1st period - Backhand shot by Joshua Norris.
10:33 of 1st period - Shot Blocked by Filip Chytil.
10:41 of 1st period - Slapshot by Mikael Granlund.
10:41 of 1st period - Stopped by Anton Forsberg without a rebound.
10:42 of 1st period - Alexander Wennberg wins face-off versus Nathan MacKinnon in Hartford Whalers zone.
10:42 of 1st period - Alexander Wennberg is hit by Andre Burakovsky.
10:57 of 1st period - Snap shot by Artemi Panarin.
10:57 of 1st period - Shot Misses the Net.
11:33 of 1st period - Slapshot by Mathew Barzal.
11:33 of 1st period - Deflect By Pierre-Luc Dubois.
11:33 of 1st period - Shot Misses the Net.
11:33 of 1st period - Puck is out of play.
11:34 of 1st period - Lukas Reichel wins face-off versus Nathan MacKinnon in Hartford Whalers zone.
11:49 of 1st period - Connor Clifton is hit by Matthew Benning and loses puck.
12:00 of 1st period - Jake McCabe is hit by Josh Anderson and loses puck.
12:19 of 1st period - Casey Cizikas is hit by Pierre-Luc Dubois and loses puck.
12:56 of 1st period - Slapshot by Thomas Chabot.
12:56 of 1st period - Stopped by Tristan Jarry with a rebound.
14:11 of 1st period - Adam Larsson is hit by Thomas Chabot and loses puck.
14:48 of 1st period - Haydn Fleury is hit by Mikael Granlund and loses puck.
15:11 of 1st period - Mark Giordano is hit by John Hayden and loses puck.
15:23 of 1st period - Slapshot by Joshua Norris.
15:23 of 1st period - Shot Misses the Net.
15:35 of 1st period - Slapshot by Nathan MacKinnon.
15:35 of 1st period - Stopped by Anton Forsberg without a rebound.
15:36 of 1st period - Pierre-Luc Dubois wins face-off versus Alexander Wennberg in Hartford Whalers zone.
15:47 of 1st period - Snap shot by Mathew Barzal.
15:47 of 1st period - Shot Misses the Net.
15:49 of 1st period - Slapshot by Matthew Benning.
15:49 of 1st period - Deflect By Pierre-Luc Dubois.
15:49 of 1st period - Stopped by Anton Forsberg without a rebound.
15:50 of 1st period - Nathan MacKinnon wins face-off versus Alexis Lafreniere in Hartford Whalers zone.
17:02 of 1st period - Wrist shot by David Kampf.
17:02 of 1st period - Shot Blocked by Trevor van Riemsdyk.
17:22 of 1st period - Matthew Benning is hit by Taylor Hall and loses puck.
17:29 of 1st period - Wrist shot by Alexander Wennberg.
17:29 of 1st period - Shot Blocked by Matthew Benning.
17:48 of 1st period - Wrist shot by Cole Caufield.
17:48 of 1st period - Stopped by Anton Forsberg without a rebound.
17:49 of 1st period - Pierre-Luc Dubois wins face-off versus Casey Cizikas in Hartford Whalers zone.
18:14 of 1st period - Snap shot by Lukas Reichel.
18:14 of 1st period - Shot Misses the Net.
18:58 of 1st period - Slapshot by Artemi Panarin.
18:58 of 1st period - Shot Blocked by Torey Krug.
19:00 of 1st period - Snap shot by Nathan MacKinnon.
19:00 of 1st period - Stopped by Anton Forsberg with a rebound.
19:02 of 1st period - Slapshot by Dmitry Kulikov.
19:02 of 1st period - Deflect By Artemi Panarin.
19:02 of 1st period - Stopped by Anton Forsberg with a rebound.
19:06 of 1st period - Wrist shot by Artemi Panarin.
19:06 of 1st period - Stopped by Anton Forsberg with a rebound.
Goals for this period are 0 for Hartford Whalers vs 0 for New York Rangers.
Shots for this period are 7 for Hartford Whalers vs 15 for New York Rangers.
2nd period
0:01 of 2nd period - Andre Burakovsky wins face-off versus Alexander Wennberg in neutral zone.
0:36 of 2nd period - Wrist shot by Marcus Foligno.
0:36 of 2nd period - Stopped by Tristan Jarry with a rebound.
0:38 of 2nd period - Wrist shot by Thomas Chabot.
0:38 of 2nd period - Shot Misses the Net.
0:50 of 2nd period - Snap shot by Joshua Norris.
0:50 of 2nd period - Shot Blocked by Cole Caufield.
1:20 of 2nd period - Wrist shot by Conor Garland.
1:20 of 2nd period - Stopped by Anton Forsberg with a rebound.
1:30 of 2nd period - Josh Anderson is hit by Nathan MacKinnon and loses puck.
1:37 of 2nd period - Slapshot by Connor Clifton.
1:37 of 2nd period - Deflect By Artemi Panarin.
1:37 of 2nd period - Stopped by Tristan Jarry with a rebound.
1:52 of 2nd period - Off-side.
1:53 of 2nd period - Casey Cizikas wins face-off versus Pierre-Luc Dubois in neutral zone.
2:04 of 2nd period - Wrist shot by Alexis Lafreniere.
2:04 of 2nd period - Goal by Alexis Lafreniere - Hartford Whalers : 1 - New York Rangers : 0.
2:05 of 2nd period - Casey Cizikas wins face-off versus Nathan MacKinnon in neutral zone.
2:09 of 2nd period - Off-side.
2:10 of 2nd period - Casey Cizikas wins face-off versus Nathan MacKinnon in neutral zone.
2:25 of 2nd period - Thomas Chabot is hit by Matthew Benning and loses puck.
2:40 of 2nd period - Wrist shot by Alexander Wennberg.
2:40 of 2nd period - Shot Misses the Net.
2:42 of 2nd period - Snap shot by Taylor Hall.
2:42 of 2nd period - Shot Misses the Net.
2:44 of 2nd period - Slapshot by Thomas Chabot.
2:44 of 2nd period - Deflect By Taylor Hall.
2:44 of 2nd period - Stopped by Tristan Jarry without a rebound.
2:45 of 2nd period - Filip Chytil wins face-off versus Alexander Wennberg in New York Rangers zone.
3:17 of 2nd period - Snap shot by Alexis Lafreniere.
3:17 of 2nd period - Stopped by Tristan Jarry without a rebound.
3:18 of 2nd period - Casey Cizikas wins face-off versus Pierre-Luc Dubois in New York Rangers zone.
3:55 of 2nd period - Snap shot by Artemi Panarin.
3:55 of 2nd period - Shot Misses the Net.
4:46 of 2nd period - Off-side.
4:47 of 2nd period - Haydn Fleury wins face-off versus Pierre-Luc Dubois in neutral zone.
5:13 of 2nd period - Jaccob Slavin is hit by Mikael Granlund and loses puck.
5:44 of 2nd period - Snap shot by Tyler Motte.
5:44 of 2nd period - Shot Misses the Net.
5:46 of 2nd period - Slapshot by Mark Giordano.
5:46 of 2nd period - Goal by Mark Giordano - Hartford Whalers : 1 - New York Rangers : 1.
5:47 of 2nd period - Nathan MacKinnon wins face-off versus Alexander Wennberg in neutral zone.
5:56 of 2nd period - Cam Fowler is hit by Alexander Wennberg.
7:20 of 2nd period - Snap shot by Mark Kastelic.
7:20 of 2nd period - Shot Misses the Net.
7:22 of 2nd period - Backhand shot by Haydn Fleury.
7:22 of 2nd period - Shot Misses the Net.
7:24 of 2nd period - Snap shot by Connor Clifton.
7:24 of 2nd period - Shot Misses the Net.
7:26 of 2nd period - Slapshot by Connor Clifton.
7:26 of 2nd period - Stopped by Tristan Jarry with a rebound.
7:40 of 2nd period - Slapshot by Casey Cizikas.
7:40 of 2nd period - Shot Misses the Net.
7:42 of 2nd period - Slapshot by Thomas Chabot.
7:42 of 2nd period - Shot Hit the Post.
7:46 of 2nd period - Snap shot by Alexis Lafreniere.
7:46 of 2nd period - Goal by Alexis Lafreniere - Hartford Whalers : 2 - New York Rangers : 1.
7:47 of 2nd period - Alexander Wennberg wins face-off versus Nathan MacKinnon in neutral zone.
7:50 of 2nd period - Andre Burakovsky is hit by Taylor Hall and loses puck.
8:03 of 2nd period - Icing by Trevor van Riemsdyk.
8:04 of 2nd period - Alexander Wennberg wins face-off versus Pierre-Luc Dubois in Hartford Whalers zone.
8:50 of 2nd period - Snap shot by Alexander Wennberg.
8:50 of 2nd period - Shot Misses the Net.
8:52 of 2nd period - Wrist shot by Trevor van Riemsdyk.
8:52 of 2nd period - Stopped by Tristan Jarry with a rebound.
8:54 of 2nd period - Backhand shot by Josh Anderson.
8:54 of 2nd period - Shot Misses the Net.
8:56 of 2nd period - Slapshot by Trevor van Riemsdyk.
8:56 of 2nd period - Stopped by Tristan Jarry with a rebound.
8:58 of 2nd period - Snap shot by Alec Martinez.
8:58 of 2nd period - Deflect By Pierre-Luc Dubois.
8:58 of 2nd period - Stopped by Tristan Jarry with a rebound.
9:00 of 2nd period - Wrist shot by Taylor Hall.
9:00 of 2nd period - Stopped by Tristan Jarry without a rebound.
9:01 of 2nd period - Casey Cizikas wins face-off versus Nathan MacKinnon in New York Rangers zone.
9:02 of 2nd period - Slapshot by Thomas Chabot.
9:02 of 2nd period - Stopped by Tristan Jarry with a rebound.
9:04 of 2nd period - Snap shot by Alexis Lafreniere.
9:04 of 2nd period - Stopped by Tristan Jarry with a rebound.
9:50 of 2nd period - Wrist shot by Conor Garland.
9:50 of 2nd period - Stopped by Anton Forsberg with a rebound.
10:27 of 2nd period - Wrist shot by Mikael Granlund.
10:27 of 2nd period - Shot Misses the Net.
10:38 of 2nd period - Slapshot by Thomas Chabot.
10:38 of 2nd period - Goal by Thomas Chabot - Hartford Whalers : 3 - New York Rangers : 1.
10:39 of 2nd period - Nathan MacKinnon wins face-off versus Joshua Norris in neutral zone.
11:21 of 2nd period - Minor Penalty to Marcus Foligno for Hooking.
11:22 of 2nd period - Alexander Wennberg wins face-off versus Nathan MacKinnon in Hartford Whalers zone.
13:21 of 2nd period - Penalty to Marcus Foligno is over, Marcus Foligno is back on ice.
13:51 of 2nd period - Mikael Granlund is hit by Mark Kastelic and loses puck.
14:19 of 2nd period - Backhand shot by Alexis Lafreniere.
14:19 of 2nd period - Shot Misses the Net.
15:16 of 2nd period - Icing by Adam Larsson.
15:17 of 2nd period - Alexander Wennberg wins face-off versus Mikael Granlund in New York Rangers zone.
15:18 of 2nd period - Snap shot by Taylor Hall.
15:18 of 2nd period - Shot Blocked by Cole Caufield.
15:20 of 2nd period - Slapshot by Taylor Hall.
15:20 of 2nd period - Shot Misses the Net.
15:22 of 2nd period - Slapshot by Josh Anderson.
15:22 of 2nd period - Stopped by Tristan Jarry without a rebound.
15:23 of 2nd period - Alexander Wennberg wins face-off versus Nathan MacKinnon in New York Rangers zone.
15:36 of 2nd period - Wrist shot by Taylor Hall.
15:36 of 2nd period - Deflect By Artemi Panarin.
15:36 of 2nd period - Stopped by Tristan Jarry with a rebound.
16:16 of 2nd period - Wrist shot by Lukas Reichel.
16:16 of 2nd period - Stopped by Tristan Jarry with a rebound.
16:50 of 2nd period - Snap shot by John Hayden.
16:50 of 2nd period - Stopped by Tristan Jarry without a rebound.
16:51 of 2nd period - Alexander Wennberg wins face-off versus Nathan MacKinnon in New York Rangers zone.
17:24 of 2nd period - Slapshot by Thomas Chabot.
17:24 of 2nd period - Deflect By Marcus Foligno.
17:24 of 2nd period - Stopped by Tristan Jarry with a rebound.
17:26 of 2nd period - Snap shot by Casey Cizikas.
17:26 of 2nd period - Shot Blocked by Adam Larsson.
17:36 of 2nd period - Anthony Mantha is hit by Filip Chytil and loses puck.
18:05 of 2nd period - Wrist shot by David Kampf.
18:05 of 2nd period - Shot Misses the Net.
18:11 of 2nd period - Jake McCabe is hit by Lukas Reichel.
18:23 of 2nd period - Slapshot by Jake McCabe.
18:23 of 2nd period - Stopped by Anton Forsberg with a rebound.
18:25 of 2nd period - Wrist shot by Artemi Panarin.
18:25 of 2nd period - Shot Misses the Net.
18:54 of 2nd period - Wrist shot by Pierre-Luc Dubois.
18:54 of 2nd period - Stopped by Anton Forsberg with a rebound.
19:00 of 2nd period - Minor Penalty to Marcus Foligno for High sticking.
19:01 of 2nd period - Alexander Wennberg wins face-off versus Gabriel Landeskog in Hartford Whalers zone.
19:14 of 2nd period - Wrist shot by Cole Caufield.
19:14 of 2nd period - Stopped by Anton Forsberg without a rebound.
19:15 of 2nd period - Alexander Wennberg wins face-off versus Nathan MacKinnon in Hartford Whalers zone.
19:17 of 2nd period - Minor Penalty to Alexander Wennberg for Hooking.
19:18 of 2nd period - Anthony Mantha wins face-off versus Nathan MacKinnon in Hartford Whalers zone.
19:28 of 2nd period - Snap shot by Nathan MacKinnon.
19:28 of 2nd period - Shot Blocked by Jaccob Slavin.
Goals for this period are 3 for Hartford Whalers vs 1 for New York Rangers.
Shots for this period are 19 for Hartford Whalers vs 6 for New York Rangers.
3rd period
0:01 of 3rd period - Gabriel Landeskog wins face-off versus Taylor Hall in neutral zone.
0:10 of 3rd period - Snap shot by Cole Caufield.
0:10 of 3rd period - Shot Misses the Net.
0:12 of 3rd period - Wrist shot by Adam Larsson.
0:12 of 3rd period - Shot Blocked by Alec Martinez.
0:14 of 3rd period - Snap shot by Cole Caufield.
0:14 of 3rd period - Stopped by Anton Forsberg with a rebound.
0:34 of 3rd period - Wrist shot by Artemi Panarin.
0:34 of 3rd period - Shot Blocked by Alec Martinez.
0:36 of 3rd period - Wrist shot by Artemi Panarin.
0:36 of 3rd period - Stopped by Anton Forsberg without a rebound.
0:37 of 3rd period - Anthony Mantha wins face-off versus Andre Burakovsky in Hartford Whalers zone.
0:46 of 3rd period - Slapshot by Andre Burakovsky.
0:46 of 3rd period - Shot Blocked by Thomas Chabot.
0:48 of 3rd period - Snap shot by Cole Caufield.
0:48 of 3rd period - Deflect By Andre Burakovsky.
0:48 of 3rd period - Shot Misses the Net.
0:48 of 3rd period - Puck is out of play.
0:49 of 3rd period - Taylor Hall wins face-off versus Nathan MacKinnon in Hartford Whalers zone.
0:58 of 3rd period - Wrist shot by Thomas Chabot.
0:58 of 3rd period - Stopped by Tristan Jarry with a rebound.
1:00 of 3rd period - Penalty to Marcus Foligno is over, Marcus Foligno is back on ice.
1:00 of 3rd period - Slapshot by Jaccob Slavin.
1:00 of 3rd period - Deflect By Pierre-Luc Dubois.
1:00 of 3rd period - Stopped by Tristan Jarry without a rebound.
1:01 of 3rd period - Anthony Mantha wins face-off versus Gabriel Landeskog in New York Rangers zone.
1:17 of 3rd period - Penalty to Alexander Wennberg is over, Alexander Wennberg is back on ice.
1:30 of 3rd period - Snap shot by Taylor Hall.
1:30 of 3rd period - Shot Misses the Net.
1:32 of 3rd period - Wrist shot by Alexander Wennberg.
1:32 of 3rd period - Shot Misses the Net.
1:34 of 3rd period - Wrist shot by Anthony Mantha.
1:34 of 3rd period - Stopped by Tristan Jarry with a rebound.
1:36 of 3rd period - Snap shot by Alexander Wennberg.
1:36 of 3rd period - Deflect By Anthony Mantha.
1:36 of 3rd period - Stopped by Tristan Jarry with a rebound.
1:46 of 3rd period - Wrist shot by Taylor Hall.
1:46 of 3rd period - Deflect By Alexander Wennberg.
1:46 of 3rd period - Stopped by Tristan Jarry without a rebound.
1:47 of 3rd period - Nathan MacKinnon wins face-off versus Casey Cizikas in New York Rangers zone.
1:47 of 3rd period - Nathan MacKinnon is hit by Marcus Foligno.
2:46 of 3rd period - Wrist shot by Lukas Reichel.
2:46 of 3rd period - Shot Misses the Net.
2:48 of 3rd period - Slapshot by Jaccob Slavin.
2:48 of 3rd period - Shot Misses the Net.
2:50 of 3rd period - Wrist shot by Haydn Fleury.
2:50 of 3rd period - Shot Misses the Net.
2:52 of 3rd period - Snap shot by Haydn Fleury.
2:52 of 3rd period - Shot Misses the Net.
2:54 of 3rd period - Snap shot by Jaccob Slavin.
2:54 of 3rd period - Stopped by Tristan Jarry without a rebound.
2:55 of 3rd period - Casey Cizikas wins face-off versus Andre Burakovsky in New York Rangers zone.
3:00 of 3rd period - Snap shot by Casey Cizikas.
3:00 of 3rd period - Deflect By Alexis Lafreniere.
3:00 of 3rd period - Stopped by Tristan Jarry with a rebound.
3:02 of 3rd period - Snap shot by Casey Cizikas.
3:02 of 3rd period - Shot Blocked by Adam Larsson.
3:44 of 3rd period - Joshua Norris is hit by Mikael Granlund and loses puck.
4:48 of 3rd period - Wrist shot by Mathew Barzal.
4:48 of 3rd period - Stopped by Anton Forsberg without a rebound.
4:49 of 3rd period - Casey Cizikas wins face-off versus Pierre-Luc Dubois in Hartford Whalers zone.
4:58 of 3rd period - Pierre-Luc Dubois is hit by Casey Cizikas and loses puck.
5:03 of 3rd period - Snap shot by Alexis Lafreniere.
5:03 of 3rd period - Shot Misses the Net.
5:05 of 3rd period - Slapshot by Casey Cizikas.
5:05 of 3rd period - Stopped by Tristan Jarry without a rebound.
5:06 of 3rd period - Alexander Wennberg wins face-off versus Nathan MacKinnon in New York Rangers zone.
5:17 of 3rd period - Taylor Hall is hit by Andre Burakovsky and loses puck.
6:12 of 3rd period - Wrist shot by Conor Garland.
6:12 of 3rd period - Shot Blocked by Thomas Chabot.
6:40 of 3rd period - Snap shot by Andre Burakovsky.
6:40 of 3rd period - Stopped by Anton Forsberg without a rebound.
6:41 of 3rd period - Nathan MacKinnon wins face-off versus Casey Cizikas in Hartford Whalers zone.
6:42 of 3rd period - Wrist shot by Artemi Panarin.
6:42 of 3rd period - Deflect By Alexis Lafreniere.
6:42 of 3rd period - Shot Blocked by Trevor van Riemsdyk.
6:42 of 3rd period - Puck is out of play.
6:43 of 3rd period - Casey Cizikas wins face-off versus Nathan MacKinnon in Hartford Whalers zone.
6:50 of 3rd period - Wrist shot by Marcus Foligno.
6:50 of 3rd period - Stopped by Tristan Jarry with a rebound.
6:52 of 3rd period - Wrist shot by Casey Cizikas.
6:52 of 3rd period - Shot Blocked by Jake McCabe.
6:54 of 3rd period - Slapshot by Casey Cizikas.
6:54 of 3rd period - Stopped by Tristan Jarry without a rebound.
6:55 of 3rd period - Joshua Norris wins face-off versus Nathan MacKinnon in New York Rangers zone.
6:56 of 3rd period - Wrist shot by John Hayden.
6:56 of 3rd period - Shot Hit the Post.
6:58 of 3rd period - Snap shot by John Hayden.
6:58 of 3rd period - Stopped by Tristan Jarry with a rebound.
7:00 of 3rd period - Snap shot by Anthony Mantha.
7:00 of 3rd period - Shot Misses the Net.
8:16 of 3rd period - Snap shot by Conor Garland.
8:16 of 3rd period - Stopped by Anton Forsberg with a rebound.
8:36 of 3rd period - Wrist shot by Anthony Mantha.
8:36 of 3rd period - Stopped by Tristan Jarry without a rebound.
8:37 of 3rd period - Joshua Norris wins face-off versus Gabriel Landeskog in New York Rangers zone.
8:52 of 3rd period - Slapshot by Joshua Norris.
8:52 of 3rd period - Stopped by Tristan Jarry with a rebound.
8:54 of 3rd period - Slapshot by Thomas Chabot.
8:54 of 3rd period - Shot Misses the Net.
9:00 of 3rd period - Snap shot by Thomas Chabot.
9:00 of 3rd period - Deflect By Pierre-Luc Dubois.
9:00 of 3rd period - Stopped by Tristan Jarry with a rebound.
9:02 of 3rd period - Slapshot by Trevor van Riemsdyk.
9:02 of 3rd period - Stopped by Tristan Jarry with a rebound.
9:04 of 3rd period - Snap shot by John Hayden.
9:04 of 3rd period - Stopped by Tristan Jarry without a rebound.
9:05 of 3rd period - Nathan MacKinnon wins face-off versus Alexander Wennberg in New York Rangers zone.
9:05 of 3rd period - Nathan MacKinnon is hit by Trevor van Riemsdyk.
9:55 of 3rd period - Pierre-Luc Dubois is hit by Alec Martinez and loses puck.
10:06 of 3rd period - Wrist shot by Casey Cizikas.
10:06 of 3rd period - Shot Blocked by Mathew Barzal.
10:16 of 3rd period - Anthony Mantha is hit by Matthew Benning and loses puck.
11:27 of 3rd period - Slapshot by Thomas Chabot.
11:27 of 3rd period - Shot Misses the Net.
11:41 of 3rd period - Adam Larsson is hit by Thomas Chabot and loses puck.
12:10 of 3rd period - Slapshot by Artemi Panarin.
12:10 of 3rd period - Shot Blocked by Alec Martinez.
12:32 of 3rd period - Cole Caufield is hit by Thomas Chabot and loses puck.
13:06 of 3rd period - Off-side.
13:07 of 3rd period - David Kampf wins face-off versus Casey Cizikas in neutral zone.
13:14 of 3rd period - Conor Garland is hit by Connor Clifton and loses puck.
13:23 of 3rd period - Snap shot by Marcus Foligno.
13:23 of 3rd period - Shot Misses the Net.
14:02 of 3rd period - Gabriel Landeskog is hit by Mark Kastelic.
14:26 of 3rd period - Snap shot by Mikael Granlund.
14:26 of 3rd period - Deflect By Cole Caufield.
14:26 of 3rd period - Shot Blocked by Casey Cizikas.
14:26 of 3rd period - Puck is out of play.
14:27 of 3rd period - Alexander Wennberg wins face-off versus Nathan MacKinnon in Hartford Whalers zone.
14:43 of 3rd period - Minor Penalty to Adam Larsson for Tripping.
14:44 of 3rd period - David Kampf wins face-off versus Alexander Wennberg in New York Rangers zone.
14:52 of 3rd period - Snap shot by Conor Garland.
14:52 of 3rd period - Stopped by Anton Forsberg without a rebound.
14:53 of 3rd period - Pierre-Luc Dubois wins face-off versus Alexander Wennberg in Hartford Whalers zone.
14:56 of 3rd period - Slapshot by Pierre-Luc Dubois.
14:56 of 3rd period - Stopped by Anton Forsberg without a rebound.
14:57 of 3rd period - David Kampf wins face-off versus Casey Cizikas in Hartford Whalers zone.
15:22 of 3rd period - Pierre-Luc Dubois is hit by Trevor van Riemsdyk and loses puck.
15:31 of 3rd period - Snap shot by Alexander Wennberg.
15:31 of 3rd period - Shot Blocked by Dmitry Kulikov.
16:43 of 3rd period - Penalty to Adam Larsson is over, Adam Larsson is back on ice.
17:19 of 3rd period - Snap shot by Nathan MacKinnon.
17:19 of 3rd period - Shot Misses the Net.
17:21 of 3rd period - Snap shot by Andre Burakovsky.
17:21 of 3rd period - Shot Blocked by Joshua Norris.
17:40 of 3rd period - Wrist shot by Torey Krug.
17:40 of 3rd period - Stopped by Tristan Jarry with a rebound.
Goals for this period are 0 for Hartford Whalers vs 0 for New York Rangers.
Shots for this period are 17 for Hartford Whalers vs 7 for New York Rangers.
Back to the Top